 Dungeon Crawl Stone Soup version 0.31-a0-437-g7cee417757 (webtiles) character file.

Game seed: 10510070854879636489

170 GordonOverkill the Sneak (level 5, 0/32 HPs)
             Began as an Octopode Delver on Aug 2, 2023.
             Succumbed to an orc's poison
             ... on level 4 of the Dungeon.
             The game lasted 00:07:56 (1227 turns).

GordonOverkill the Sneak (Octopode Delver)          Turns: 1227, Time: 00:07:57

Health: 0/32       AC:  1    Str: 17    XL:     5   Next: 50%
Magic:  6/7        EV: 13    Int: 14    God:
Gold:   45         SH:  0    Dex: 14    Spells: 7/7 levels left

rFire   . . .        a - +0 short sword
rCold   . . .        (no shield)
rNeg    . . .        (helmet restricted)
rPois   .            (no amulet)
rElec   .            h - +6 ring of strength
rCorr   .            (no ring)
SInv    .            (no ring)
Will    .....        (no ring)
Stlth   ++++         (no ring)
HPRegen 0.25/turn    (no ring)
MPRegen 0.10/turn    (no ring)
                     (no ring)

%: random rage (3%)
@: brilliant, lethally poisoned (0 -> -7)
A: almost no armour, amphibious, 8 rings, camouflage 1, gelatinous body 1,
(nimble swimmer 1), tentacles, berserk 1, frail 1, sense surroundings 1,
MP-powered wands
a: no special abilities


You were on level 4 of the Dungeon.
You visited 1 branch of the dungeon, and saw 3 of its levels.

You collected 45 gold pieces.

Inventory:

Hand Weapons
 a - a +0 short sword (weapon)
Missiles
 m - 4 javelins (quivered)
Jewellery
 h - a +6 ring of strength (left tentacle)
Wands
 f - a wand of digging (3)
Scrolls
 b - a scroll of fog
 c - a scroll of revelation
 d - a scroll of fear
 g - a scroll of immolation {unknown}
 i - 2 scrolls of identify {unknown}
 j - a scroll of teleportation {unknown}
 n - a scroll of enchant armour {unknown}
Potions
 e - a potion of haste


   Skills:
 - Level 3.0 Fighting
 - Level 5.0 Short Blades
 - Level 1.0 Throwing
 - Level 2.0 Dodging
 - Level 6.6 Stealth
 + Level 1.5 Spellcasting


You had 7 spell levels left.
You didn't know any spells.
Your spell library contained the following spells:

 Spells                   Type           Power      Damage    Failure   Level
 Call Canine Familiar     Summ           1%         N/A       58%         3
 Inner Flame              Hex/Fire       1%         N/A       58%         3
 Portal Projectile        Hex/Tloc       2%         N/A       58%         3
 Leda's Liquefaction      Hex/Erth       0%         N/A       94%         4
 Yara's Violent Unravell  Hex/Tmut       0%         3d3       100%        5
 Enfeeble                 Hex            0%         N/A       100%        7


Dungeon Overview and Level Annotations

Branches:
Dungeon (6/15)
 Temple: D:4-7

Altars:
Cheibriados

Annotations:
D:5 exclusions: 2 ogres, scorpion and sleepcap
D:6 exclusions: centaur and lemure


Innate Abilities, Weirdness & Mutations

You cannot wear most types of armour.
You are amphibious.
You can wear up to eight rings at the same time.
Your skin changes colour to match your surroundings (Stealth+).
Your rubbery body absorbs attacks. (AC +1, EV +1)
((You are camouflaged when in or above water. (Stealth+)))
You have tentacles for arms and can constrict up to eight enemies at once.
You sometimes lose your temper in combat.
You are frail. (-10% HP)
You passively map a small area around you.
You expend magic power (3 MP) to strengthen your wands.


Message History

You barely miss the orc. Your grab misses the orc.
You feel sick. The orc barely misses you.
You hit the orc but do no damage. Your grab misses the orc.
You squeeze the orc.
The orc is severely wounded.
You feel sick.
The orc hits you with a +0 dagger of venom.
* * * LOW HITPOINT WARNING * * *
You are more poisoned.
You hit the orc but do no damage. You grab the orc.
The orc is severely wounded.
You constrict the orc.
* * * LOW HITPOINT WARNING * * *
You feel very sick. The orc hits you but does no damage.
You are lethally poisoned!
You hit the orc but do no damage.
The orc is almost dead.
You constrict the orc.
You kill the orc!
* * * LOW HITPOINT WARNING * * *
You feel very sick.
* * * LOW HITPOINT WARNING * * *
You feel very sick.
Things that are here:
a +0 dagger of venom; a dart slug corpse It was a potion of brilliance.
You feel clever all of a sudden.
* * * LOW HITPOINT WARNING * * *
You feel very sick.
It was a potion of mutation.
You feel extremely strange.
You feel your magical essence link to the dungeon's wands.
You feel frail.
You feel a little pissed off.
You feel a strange attunement to the structure of the dungeons.
* * * LOW HITPOINT WARNING * * *
You feel very sick.
* * * LOW HITPOINT WARNING * * *
You feel sick.
Items here: )) †††.
You die...

* * *
#.##.####.....#
,#.##...##.###.#
#.####.....##.#
** ,#.#
#......##.# ,#.#
#.......#.# #.#
#.....#.#.# *
#[#
#.....#.#.####
*,#?#
#.....#.#.....
#@#
#.....#...####
*, ,#)#
#............. ,
#)#
#............. *
#.#
######.##...#. ,
..# #.##...#. **
#### #.###....
#.###....
#...#.#>.
###.#.#..


There were no monsters in sight!

Vanquished Creatures
  A howler monkey (D:4)
  An orc priest (D:4)
  An iguana (D:4)
  4 gnolls (D:4)
  2 adders (D:5)
  A dart slug (D:4)
  3 orcs (D:4)
  A ball python (D:4)
  3 endoplasms (D:4)
  A giant cockroach (D:4)
  A hobgoblin (D:4)
  A kobold (D:4)
20 creatures vanquished.

Notes
Turn   | Place    | Note
-------+----------+-------------------------------------------
     0 | D:5      | GordonOverkill the Octopode Delver began the quest for the
                  | Orb.
     0 | D:5      | Reached XP level 1. HP: 16/16 MP: 1/1
    79 | D:5      | Noticed an ogre
    91 | D:5      | Noticed a hound
   101 | D:6      | Noticed a lemure
   107 | D:6      | Noticed a lemure
   107 | D:6      | Noticed a centaur
   167 | D:5      | Noticed a sleepcap
   235 | D:5      | Reached skill level 1 in Throwing
   235 | D:5      | Reached XP level 2. HP: 21/21 MP: 2/2
   266 | D:5      | Noticed an ogre
   320 | D:5      | Noticed a scorpion
   399 | D:5      | Noticed a water moccasin
   452 | D:4      | Found a snail-covered altar of Cheibriados.
   562 | D:4      | Reached XP level 3. HP: 26/26 MP: 3/3
   790 | D:4      | Reached XP level 4. HP: 25/31 MP: 4/4
  1074 | D:4      | Reached skill level 5 in Short Blades
  1074 | D:4      | Reached XP level 5. HP: 27/36 MP: 5/5
  1216 | D:4      | Reached skill level 1 in Spellcasting
  1225 | D:4      | Gained mutation: You expend magic power (3 MP) to
                  | strengthen your wands. [potion of mutation]
  1225 | D:4      | Gained mutation: You are frail. (-10% HP) [potion of
                  | mutation]
  1225 | D:4      | Gained mutation: You sometimes lose your temper in combat.
                  | [potion of mutation]
  1225 | D:4      | Gained mutation: You passively map a small area around you.
                  | [potion of mutation]
  1227 | D:4      | Succumbed to an orc's poison

Illustrated notes

Levels and vault maps discovered:
D:4:      layout_basic, lemuel_crystal_altar, gammafunk_ghost_nasty_kobolds
D:5:      layout_basic, tso_altar, okawaru_altar_gauntlet_db, nrook_campfire
D:6:      layout_cave_pools, zin_statuary, uniq_duvessa, uniq_pikel

Skill      XL: |  1  2  3  4  5 |
---------------+----------------+-----
Throwing       | 1 |  1.0
Short Blades   | 3 4 5 |  5.0
Spellcasting   | 1 |  1.5
Fighting       | |  3.0
Dodging        | |  2.0
Stealth        | |  6.6

Action                     |  1- 3 |  4- 6 || total
---------------------------+-------+-------++-------
  Melee: Short sword       |    28 |    25 ||    53
         Constrict         |     5 |     5 ||    10
         Tentacles         |     5 |     7 ||    12
         Punch             |       |     1 ||     1
  Throw: Javelin           |       |     7 ||     7
    Use: Potion            |       |     2 ||     2
   Stab: Sleeping          |     5 |     1 ||     6
 Armour: Skin              |       |     1 ||     1
  Dodge: Dodged            |    11 |    10 ||    21

Table legend: (Time is in decaauts)
 A = Elapsed time spent in this place.
 B = Non-inter-level travel time spent in this place.
 C = Inter-level travel time spent in this place.
 D = Time resting spent in this place.
 E = Time spent auto-exploring this place.
 F = Levels seen in this place.
 G = Mean time per level.
                   A        B        C        D        E       F      G
               +--------+--------+--------+--------+--------+-----+--------+
         Total |   1218 |   1187 |     31 |    220 |      0 |   3 |  406.0 |
       Dungeon |   1218 |   1187 |     31 |    220 |      0 |   3 |  406.0 |
               +--------+--------+--------+--------+--------+-----+--------+

Top non-repeatable levels by time:
     D:4: 782 daAuts
     D:5: 376 daAuts
     D:6: 59 daAuts
